[Event "Championship"]
[Site "Chess.com"]
[Date "2021.02.15"]
[Round "9"]
[White "Porter, Ryan"]
[Black "Mahajan, Rushaan"]
[Result "1-0"]
[ECO "B12"]
[WhiteElo "2310"]
[BlackElo "2221"]
[PlyCount "143"]
[EventDate "2021.??.??"]
[TimeControl "3600+10"]

1. e4 c6 2. d4 d5 3. f3 e6 4. Be3 dxe4 5. Nd2 exf3 6. Ngxf3 Nf6 7. Nc4 Nbd7 8.
Bd3 Be7 9. O-O O-O 10. Qe2 b5 11. Nce5 Bb7 12. Ng5 h6 13. Ngxf7 Rxf7 14. Nxf7
Kxf7 15. Bxh6 Nf8 16. Be3 Qd5 17. c4 bxc4 18. Bxc4 Qd6 19. Rad1 Ng6 20. Bf2 Rh8
21. Bg3 Qd7 22. Rde1 Bc8 23. Qd3 Nf8 24. Be5 c5 25. d5 Kg8 26. d6 Bd8 27. Qg3
Qf7 28. Bc3 Rh6 29. Re5 N8h7 30. Kh1 Rg6 31. Qe1 Bb7 32. Re2 Ng5 33. Rff2 Kh8
34. Bxe6 Nxe6 35. Rxe6 Rh6 36. Qe5 Qg6 37. Kg1 Rh5 38. Qe2 c4 39. Bxf6 Bxf6 40.
d7 Rd5 41. Rexf6 gxf6 42. Qe8+ Kg7 43. d8=Q Rxd8 44. Qxd8 Qb1+ 45. Rf1 Qxb2 46.
Qc7+ Kh8 47. Qd8+ Kg7 48. Qd7+ Kf8 49. Qd6+ Kg7 50. Qg3+ Kf7 51. Rd1 c3 52.
Rd7+ Ke6 53. Qd6+ Kf5 54. g4+ Kxg4 55. Rg7+ Kf3 56. Qxf6+ Ke4 57. Qe7+ Kd3 58.
Qxb7 Qc1+ 59. Kg2 Qd2+ 60. Kg3 Qe1+ 61. Kf4 Qe3+ 62. Kf5 Qf2+ 63. Ke6 Qe3+ 64.
Kf7 Qf4+ 65. Kg8 Qc4+ 66. Qf7 Qc8+ 67. Qf8 Qe6+ 68. Rf7 c2 69. Qa3+ Kd2 70.
Qb4+ Kd3 71. Qb5+ Kd2 72. Qd7+ {retropwr won by resignation} 1-0

[Event "Championship"]
[Site "Chess.com"]
[Date "2021.02.15"]
[Round "9"]
[White "Airapetian, Chouchanik"]
[Black "Readey, John"]
[Result "0-1"]
[ECO "B07"]
[WhiteElo "2104"]
[BlackElo "2289"]
[PlyCount "86"]
[EventDate "2021.??.??"]
[TimeControl "3600+10"]

1. e4 d6 2. d4 Nf6 3. Bd3 e5 4. d5 c6 5. c4 b5 6. b3 bxc4 7. bxc4 cxd5 8. cxd5
Be7 9. Nf3 O-O 10. O-O Nbd7 11. Ba3 Nh5 12. Re1 Nf4 13. Bb5 Rb8 14. Bc6 Nb6 15.
Nc3 Bg4 16. Bc1 f5 17. Bxf4 exf4 18. Qd3 Bxf3 19. Qxf3 Bf6 20. Rac1 Nc4 21.
exf5 Ne5 22. Qe4 Qa5 23. Ne2 Rb4 24. Qc2 f3 25. Ng3 fxg2 26. Kxg2 Ng4 27. h3
Rb2 28. Qe4 Rxf2+ 29. Kg1 Qb6 30. Qe6+ Kh8 31. Re3 Nxe3 32. Kxf2 Nxf5+ 33. Kg2
Qb2+ 34. Ne2 Nd4 35. Qe4 Qxe2+ 36. Qxe2 Nxe2 37. Re1 Nf4+ 38. Kh2 Be5 39. Re4
Rb8 40. h4 Rb6 41. Ra4 Nxd5+ 42. Kh3 Rxc6 43. Rxa7 h6 {mtbakerchess won by
resignation} 0-1

[Event "Premier"]
[Site "Chess.com"]
[Date "2021.02.15"]
[Round "9"]
[White "Moroney, Tim"]
[Black "Novitski, Charles"]
[Result "1-0"]
[ECO "C54"]
[WhiteElo "2048"]
[BlackElo "2073"]
[PlyCount "55"]
[EventDate "2021.??.??"]
[TimeControl "3600+10"]

1. e4 e5 2. Nf3 Nc6 3. Bc4 Bc5 4. c3 Nf6 5. d4 exd4 6. e5 Ng4 7. cxd4 Bb4+ 8.
Nc3 d6 9. h3 Nh6 10. Bg5 Qd7 11. O-O Nf5 12. Re1 O-O 13. e6 fxe6 14. Bxe6+ Qxe6
15. Rxe6 Bxe6 16. d5 Bxc3 17. bxc3 Bxd5 18. Qxd5+ Kh8 19. Re1 h6 20. Bh4 g5 21.
Bg3 Nxg3 22. fxg3 Rf6 23. Re6 Raf8 24. Rxf6 Rxf6 25. Nd4 Nd8 26. Qe4 Kg7 27.
Nf5+ Kg8 28. Qe8+ {othychess won by resignation} 1-0

[Event "Premier"]
[Site "Chess.com"]
[Date "2021.02.15"]
[Round "9"]
[White "Haining, Kyle"]
[Black "Perez, Ignacio"]
[Result "0-1"]
[ECO "B07"]
[WhiteElo "2288"]
[BlackElo "2224"]
[PlyCount "86"]
[EventDate "2021.??.??"]
[TimeControl "3600+10"]

1. e4 d6 2. d4 g6 3. Nf3 Bg7 4. c3 Nf6 5. Bd3 O-O 6. O-O Nbd7 7. h3 e5 8. Be3
b6 9. Nbd2 Bb7 10. Re1 Re8 11. Bg5 h6 12. Bh4 Nf8 13. Bb5 c6 14. Bf1 Qc7 15.
Qc2 Ne6 16. a4 Nh5 17. dxe5 dxe5 18. Nc4 Nef4 19. Rad1 g5 20. Bg3 Bf8 21. Ne3
Re6 22. Bc4 Rg6 23. Qb3 Re8 24. Nh2 Bc8 25. Nhg4 Ng7 26. f3 h5 27. Nf2 Bc5 28.
Kf1 Rf8 29. Qc2 Kh8 30. b4 Bxe3 31. Rxe3 f5 32. Bd3 Nxg2 33. Kxg2 f4 34. Ree1
fxg3 35. Kxg3 Qf7 36. Qe2 Rf6 37. Kg2 Rxf3 38. Nh1 Bxh3+ 39. Kg1 Qf4 40. Qd2
Qg4+ 41. Kh2 Rf2+ 42. Qxf2 Rxf2+ 43. Nxf2 Qg2# {CubanKnight67 won by checkmate}
0-1

[Event "Premier"]
[Site "Chess.com"]
[Date "2021.02.15"]
[Round "9"]
[White "Chang, Eddie"]
[Black "Anand, Vignesh"]
[Result "0-1"]
[ECO "B07"]
[WhiteElo "1897"]
[BlackElo "2085"]
[PlyCount "128"]
[EventDate "2021.??.??"]
[TimeControl "3600+10"]

1. d4 Nf6 2. Bg5 e6 3. e4 d6 4. Nc3 Be7 5. Nf3 h6 6. Bxf6 Bxf6 7. Bb5+ Bd7 8.
Bxd7+ Nxd7 9. O-O O-O 10. Qe2 c5 11. e5 Be7 12. exd6 Bxd6 13. dxc5 Bxc5 14.
Rad1 Qe7 15. Ne4 Nf6 16. Nxf6+ Qxf6 17. Ne5 Rfd8 18. Nd7 Qe7 19. Nxc5 Qxc5 20.
c3 Rac8 21. h3 Rd5 22. Rxd5 Qxd5 23. a4 Qb3 24. Qb5 Qxb5 25. axb5 Rc5 26. Ra1
Rxb5 27. Rxa7 Rxb2 28. Ra8+ Kh7 29. c4 b6 30. Rb8 Rb4 31. Rc8 Kg6 32. c5 bxc5
33. Rxc5 Rb2 34. g3 f5 35. Kg2 Kf6 36. h4 Rd2 37. Ra5 Rd5 38. Ra7 e5 39. Ra6+
Ke7 40. Kf3 Rd3+ 41. Ke2 Rd6 42. Ra5 Kf6 43. Ke3 Rb6 44. Ke2 Re6 45. Ke3 Kg6
46. Ra8 Rb6 47. Ra5 Rb3+ 48. Ke2 e4 49. h5+ Kg5 50. Ra7 g6 51. hxg6 Kxg6 52.
Ra6+ Kg5 53. Ra8 Kg4 54. Rg8+ Kh3 55. Re8 Kg2 56. g4 f4 57. Rxe4 f3+ 58. Ke1
Rb1+ 59. Kd2 Rb2+ 60. Ke1 Rb1+ 61. Kd2 Rf1 62. Re6 Rxf2+ 63. Kd1 Ra2 64. Rxh6
f2 {VigneshRar won by resignation} 0-1

[Event "Premier"]
[Site "Chess.com"]
[Date "2021.02.15"]
[Round "9"]
[White "Razmov, Valentin"]
[Black "Malugu, Satyajit"]
[Result "1-0"]
[ECO "E94"]
[WhiteElo "1986"]
[BlackElo "2156"]
[PlyCount "75"]
[EventDate "2021.??.??"]
[TimeControl "3600+10"]

1. d4 Nf6 2. c4 g6 3. Nc3 Bg7 4. e4 d6 5. Nf3 O-O 6. Be2 Nbd7 7. O-O e5 8. Be3
Ng4 9. Bg5 f6 10. Bd2 c6 11. h3 Nh6 12. Be3 Qe7 13. d5 Nf7 14. Qc2 Bh6 15. b4
Bxe3 16. fxe3 c5 17. a3 a6 18. Nh2 h5 19. g4 hxg4 20. Bxg4 Kg7 21. b5 a5 22.
Kf2 Nb6 23. Bxc8 Rfxc8 24. Ne2 Rh8 25. Ng1 Ng5 26. Nhf3 Nxh3+ 27. Ke2 Qd7 28.
Kd3 f5 29. Nxh3 fxe4+ 30. Kc3 Qxh3 31. Qxe4 Raf8 32. Ng5 Qxf1 33. Ne6+ Kh7 34.
Rxf1 Rxf1 35. Qh4+ Kg8 36. Qd8+ Kh7 37. Qe7+ Kh6 38. Qh4# {Coach_Valentin won
by checkmate} 1-0

[Event "Premier"]
[Site "Chess.com"]
[Date "2021.02.15"]
[Round "9"]
[White "Nguyen, Thanh"]
[Black "Whale, Nicholas"]
[Result "1/2-1/2"]
[ECO "B11"]
[WhiteElo "2053"]
[BlackElo "2074"]
[PlyCount "73"]
[EventDate "2021.??.??"]
[TimeControl "3600+10"]

1. e4 c6 2. Nc3 d5 3. Nf3 dxe4 4. Nxe4 Nf6 5. Qe2 Nxe4 6. Qxe4 Nd7 7. Bc4 Nf6
8. Ne5 e6 9. Qe2 Bd6 10. O-O O-O 11. b3 Qc7 12. Bb2 Nd7 13. f4 Nxe5 14. fxe5
Be7 15. Qg4 Bd7 16. Rf3 c5 17. Raf1 g6 18. h4 b5 19. Bd3 c4 20. Be4 Bc6 21. h5
Bxe4 22. Qxe4 Qc5+ 23. Bd4 Qd5 24. Qf4 Rac8 25. Bxa7 cxb3 26. cxb3 Rc2 27. Be3
g5 28. Qg3 h6 29. Rf6 Bxf6 30. Rxf6 Rc1+ 31. Kh2 Qe4 32. Bxg5 Qe1 33. Qg4 Qh1+
34. Kg3 Qe1+ 35. Kh2 Qh1+ 36. Kg3 Qe1+ 37. Kh2 {Game drawn by repetition}
1/2-1/2

[Event "Invitational"]
[Site "Chess.com"]
[Date "2021.02.15"]
[Round "9"]
[White "Colombo, Dominic"]
[Black "Leslie, Cameron"]
[Result "0-1"]
[ECO "B36"]
[WhiteElo "1960"]
[BlackElo "2030"]
[PlyCount "112"]
[EventDate "2021.??.??"]
[TimeControl "3600+10"]

1. e4 c5 2. Nf3 g6 3. d4 cxd4 4. Nxd4 Nc6 5. c4 Nf6 6. Nc3 d6 7. Be2 Nxd4 8.
Qxd4 Bg7 9. Be3 O-O 10. Qd2 Be6 11. O-O Qa5 12. Rac1 Rfc8 13. b3 a6 14. f3 b5
15. cxb5 axb5 16. Nxb5 Rxc1 17. Rxc1 Qxd2 18. Bxd2 Rxa2 19. e5 Ne8 20. Bb4 Rxe2
21. exd6 Nxd6 22. Nxd6 exd6 23. Bxd6 Bd4+ 24. Kh1 Bxb3 25. h4 h5 26. Rc8+ Kg7
27. Bg3 Rc2 28. Rc7 Rxc7 29. Bxc7 f5 30. g3 Bd5 31. Kg2 Kf7 32. Bf4 Ke6 33. Bh6
Kd6 34. Bf8+ Kc6 35. Bh6 Kb5 36. Bd2 Kc4 37. Bg5 Kd3 38. Bf4 Ke2 39. Bc7 Bxf3+
40. Kh2 Be4 41. Kh3 Bg1 42. g4 fxg4+ 43. Kg3 Bf2+ 44. Kh2 Bxh4 45. Bb6 Bf2 46.
Bxf2 g5 47. Kg1 h4 48. Bb6 g3 49. Bc7 Kf3 50. Bb6 h3 51. Kf1 h2 52. Bg1 h1=R
53. Ke1 Rxg1+ 54. Kd2 Bh7 55. Kc3 Rd1 56. Kc4 Ke4 {CamLeslie won by resignation
} 0-1

[Event "Invitational"]
[Site "Chess.com"]
[Date "2021.02.15"]
[Round "9"]
[White "Roberts, Teddy"]
[Black "Bell, Harry"]
[Result "1-0"]
[ECO "B31"]
[WhiteElo "1934"]
[BlackElo "2000"]
[PlyCount "87"]
[EventDate "2021.??.??"]
[TimeControl "3600+10"]

1. e4 c5 2. Nf3 Nc6 3. Bb5 g6 4. c3 Bg7 5. O-O Nf6 6. Re1 O-O 7. d4 d6 8. e5
dxe5 9. dxc5 Qxd1 10. Rxd1 Bg4 11. Re1 Nd7 12. Be3 Rfc8 13. Nbd2 h6 14. h3 Be6
15. Rad1 f5 16. b4 e4 17. Nd4 Nf8 18. N2b3 Bd7 19. Nxc6 Bxc6 20. Bxc6 Rxc6 21.
c4 Rcc8 22. Bd4 e5 23. Ba1 Kf7 24. Rd5 Re8 25. Red1 Re6 26. a4 b6 27. b5 h5 28.
c6 Rc8 29. Bc3 g5 30. Bb4 Rc7 31. c5 g4 32. a5 bxc5 33. Nxc5 Re8 34. Na6 Rcc8
35. Bxf8 Bxf8 36. Rd7+ Ke6 37. Nc7+ Rxc7 38. Rxc7 Bc5 39. Rb7 g3 40. c7 e3 41.
fxe3 f4 42. Rd8 fxe3 43. Rxe8+ Kf6 44. Kf1 {tmr68rocks won by resignation} 1-0

[Event "Invitational"]
[Site "Chess.com"]
[Date "2021.02.15"]
[Round "9"]
[White "Van Weerdhuizen, Lane"]
[Black "Mathews, Dan"]
[Result "0-1"]
[ECO "B06"]
[WhiteElo "1869"]
[BlackElo "1702"]
[PlyCount "100"]
[EventDate "2021.??.??"]
[TimeControl "3600+10"]

1. e4 g6 2. d4 Nf6 3. e5 Nh5 4. f4 d6 5. Nf3 Ng7 6. Bd3 Bf5 7. O-O e6 8. c4 c6
9. Nc3 Bxd3 10. Qxd3 Be7 11. Ne4 d5 12. cxd5 cxd5 13. Neg5 Bxg5 14. fxg5 Qd7
15. Bd2 Nc6 16. b4 Ne7 17. g4 Rc8 18. Rac1 O-O 19. Rxc8 Rxc8 20. h4 Qa4 21. a3
Qc2 22. Qb5 Qe4 23. Qxb7 Qxg4+ 24. Kf2 Ngf5 25. Rg1 Qe4 26. Re1 Qd3 27. Qxa7
Rc2 28. Re2 Nc6 29. Qb6 Kg7 30. Ne1 Qg3+ 31. Kf1 Qh3+ 32. Kg1 Rxd2 33. Rxd2
Qe3+ 34. Rf2 Qxe1+ 35. Kg2 Qe4+ 36. Kg1 Ncxd4 37. Rxf5 gxf5 38. Qd8 Qg4+ 39.
Kh1 Qxh4+ 40. Kg2 Qe4+ 41. Kg1 Qe3+ 42. Kh1 Qf3+ 43. Kh2 Qf4+ 44. Kg1 Qxe5 45.
a4 Kg6 46. Qg8+ Kh5 47. Qxh7+ Kg4 48. Qh1 Qe1+ 49. Kg2 Qe2+ 50. Kg1 Nf3+ {
dano78 won on time} 0-1

[Event "Invitational"]
[Site "Chess.com"]
[Date "2021.02.15"]
[Round "9"]
[White "Anoop, Pranav K."]
[Black "Bian, Erin"]
[Result "1-0"]
[ECO "C55"]
[WhiteElo "1951"]
[BlackElo "1795"]
[PlyCount "103"]
[EventDate "2021.??.??"]
[TimeControl "3600+10"]

1. e4 e5 2. Nf3 Nc6 3. Bc4 Nf6 4. d3 Be7 5. c3 d6 6. Bb3 O-O 7. O-O h6 8. Re1
Re8 9. Nbd2 Bf8 10. Nf1 d5 11. Qe2 a5 12. a4 Be6 13. Bc2 Qd7 14. Ng3 Bc5 15.
Nh4 Rad8 16. Ngf5 Bxf5 17. Nxf5 Ne7 18. g4 Nxf5 19. gxf5 Kh7 20. Kh1 g6 21. d4
exd4 22. e5 Ne4 23. e6 fxe6 24. fxg6+ Kg7 25. Qh5 Rh8 26. Bxe4 dxe4 27. Qxc5
Qd6 28. Qxd6 cxd6 29. cxd4 Kxg6 30. Rxe4 e5 31. dxe5 dxe5 32. Be3 Kf5 33. Rc4
Rc8 34. Rac1 Rxc4 35. Rxc4 Rd8 36. Rc7 Ke4 37. Kg2 Rg8+ 38. Kf1 h5 39. Rh7 Rc8
40. Rxb7 Rc4 41. b3 Rc3 42. Ke2 Rc2+ 43. Bd2 Rb2 44. Rb5 h4 45. b4 Ra2 46. bxa5
Kd4 47. a6 Rc2 48. a7 Rc8 49. Rb8 Rxb8 50. axb8=Q h3 51. Qd6+ Ke4 52. Qd3# {
P_K_A won by checkmate} 1-0